 Dungeon Crawl Stone Soup version 0.21.1-1-g345015f (webtiles) character file.

5252 Anandil the Fighter (level 10, 0/86 HPs)
             Began as a Demonspawn Fighter on July 24, 2018.
             Was a Believer of Qazlal.
             Slain by a two-headed ogre
             ... wielding a cursed -2 giant club
              (9 damage)
             ... on level 10 of the Dungeon.
             The game lasted 00:43:19 (11846 turns).

Anandil the Fighter (Demonspawn Fighter)           Turns: 11846, Time: 00:43:20

Health: 0/86       AC: 17    Str: 20    XL:     10   Next: 36%
Magic:  0/10       EV:  3    Int:  9    God:    Qazlal [**....]
Gold:   367        SH: 12    Dex: 13    Spells: 9/9 levels left

rFire    . . .     SeeInvis .   a - +0 war axe
rCold    . . .     Gourm    .   c - +0 shield
rNeg     . . .     Faith    .   l - +1 plate armour
rPois    +         Spirit   +   (helmet restricted)
rElec    .         Reflect  .   (no cloak)
rCorr    .         Harm     .   (no gloves)
MR       .....                  (no boots)
Stlth    ..........             r - amulet of guardian spirit
HPRegen  0.24/turn              A - +4 ring of protection
MPRegen  0.12/turn              P - ring of poison resistance

@: no status effects
A: antennae 2, claws 2, talons 1, demonic guardian 1, powered by death 1
a: Upheaval, Renounce Religion


You were on level 10 of the Dungeon.
You worshipped Qazlal.
Qazlal was pleased with you.
You were not hungry.

You visited 2 branches of the dungeon, and saw 11 of its levels.

You collected 523 gold pieces.
You spent 156 gold pieces at shops.

Inventory:

Hand Weapons
 a - a +0 war axe (weapon)
 O - the +5 scythe "Finisher" {speed, Str+3}
   (You found it on level 7 of the Dungeon)

   Attacks with this weapon are significantly faster.
   It affects your strength (+3).
Missiles
 n - 23 tomahawks (quivered)
Armour
 b - a +0 scale mail
 c - a +0 shield (worn)
 l - a +1 plate armour (worn)
Jewellery
 i - a +4 ring of intelligence
 r - an amulet of guardian spirit (around neck)
 v - a +1 ring of evasion
 y - an uncursed ring of flight
 A - a +4 ring of protection (left claw)
 D - an uncursed ring of stealth
 P - a ring of poison resistance (right claw)
 R - an uncursed amulet of magic regeneration
Wands
 h - a wand of enslavement (11)
 p - a wand of flame (32)
 z - a wand of random effects (29)
 H - a wand of scattershot (4)
 V - a wand of disintegration (8)
Scrolls
 e - 4 scrolls of remove curse
 g - 2 scrolls of enchant weapon {unknown}
 j - 4 scrolls of enchant armour
 k - a scroll of noise {unknown}
 o - a scroll of fear {unknown}
 q - 2 scrolls of magic mapping {unknown}
 s - a scroll of immolation {unknown}
 u - 2 scrolls of amnesia {unknown}
 w - 2 scrolls of fog {unknown}
 B - a scroll of random uselessness {unknown}
 I - 5 scrolls of teleportation
 L - a scroll of blinking {unknown}
 N - a scroll of identify
Potions
 d - 3 potions of might
 m - a potion of agility
 t - 2 potions of degeneration
 x - 6 potions of curing
 C - 2 potions of berserk rage
 E - 3 potions of flight
 G - a potion of lignification
 J - a potion of magic
 K - 3 potions of heal wounds
 M - a potion of resistance
 Q - 3 potions of invisibility
 S - 2 potions of cancellation
 T - a potion of haste
Books
 F - a book of Air

   Spells                             Type                      Level
   a - Shock                          Conjuration/Air              1
   b - Swiftness                      Charms/Air                   2
   c - Static Discharge               Conjuration/Air              3
   d - Airstrike                      Air                          4
   e - Lightning Bolt                 Conjuration/Air              5
Comestibles
 f - 12 rations


   Skills:
 + Level 10.4 Fighting
 + Level 9.4 Axes
 - Level 6.2 Armour
 - Level 2.6 Shields


You had 9 spell levels left.
You didn't know any spells.

Dungeon Overview and Level Annotations

Branches:
Dungeon (10/15)            Temple (1/1) D:4            Lair (0/6) D:9
    Orc: D:9-12

Altars:
Ashenzari
Cheibriados
Dithmenos
Elyvilon
Fedhas
Gozag
Hepliaklqana
Kikubaaqudgha
Makhleb
Nemelex Xobeh
Okawaru
Qazlal
Ru
Sif Muna
Trog
Uskayaw
Vehumet
Wu Jian
Xom
Yredelemnul
Zin
The Shining One

Shops:
D:5 !   D:8 (   D:9 :


Innate Abilities, Weirdness & Mutations

You have a pair of antennae on your head.
You have very sharp fingernails.
You have sharp toenails.
A weak demonic guardian rushes to your aid.
You regenerate a little health from kills.


Message History

The ice beast hits your iron imp. The ice beast freezes your iron imp.
Your iron imp resists.
Your iron imp hits the ice beast but does no damage.
You slice the two-headed ogre!! Your kick misses the two-headed ogre.
The two-headed ogre is severely wounded.
You block the two-headed ogre's attack.
The two-headed ogre hits you but does no damage.
The ice beast hits your iron imp. The ice beast freezes your iron imp.
Your iron imp resists.
Your iron imp dies!
You completely miss the two-headed ogre.
You claw the two-headed ogre.
The two-headed ogre is severely wounded.
The two-headed ogre hits you with a giant club. x2
You hit the two-headed ogre. You claw the two-headed ogre.
The two-headed ogre is almost dead.
The two-headed ogre hits you with a giant club!!
* * * LOW HITPOINT WARNING * * *
The two-headed ogre hits you with a giant club!
You die...

#... #..# #..#
#.)#
#†.###############
#.............(...
#Y................
#O###############.
#@# #. #.# #.
#.###############.
#.................
#.................
#.................
#.................
#........>........
#.................


You could see a two-headed ogre and an ice beast.

Vanquished Creatures
  2 two-headed ogres
  An ugly thing (D:9)
  A rust devil (D:5)
  Sigmund (D:4)
  3 wraiths (D:7)
  2 sky beasts
  2 orc warriors (D:6)
  A wolf (D:10)
  3 ogres
  A big kobold (D:6)
  5 bullfrogs
  A scorpion (D:9)
  7 wights
  6 electric eels (D:9)
  4 crimson imps
  A centaur zombie (D:6)
  A quasit (D:9)
  2 hounds
  A jelly (D:5)
  6 orc priests
  4 orc wizards
  A bullfrog skeleton (D:6)
  A centaur skeleton (D:6)
  3 iguanas
  5 worker ants
  A hound zombie (D:10)
  2 hound skeletons
  A worker ant zombie (D:6)
  15 gnolls
  4 adders
  A shadow imp (D:5)
  An ooze (D:2)
  An adder zombie (D:5)
  2 adder skeletons
  A worm (D:3)
  4 dart slugs
  5 leopard geckos
  21 orcs
  4 giant cockroaches
  7 goblins
  5 hobgoblins
  2 jackals (D:4)
  3 quokkas
  13 bats
  8 frilled lizards
  2 jackal zombies
  12 kobolds
  10 rats
  3 plants (D:9)
193 creatures vanquished.

Vanquished Creatures (collateral kills)
  A rust devil (D:6)
  A bullfrog (D:6)
  A gnoll shaman (D:7)
  4 orc wizards
  A gnoll (D:5)
  5 orcs
  4 jackals (D:6)
17 creatures vanquished.

Vanquished Creatures (others)
  6 plants (D:9)
6 creatures vanquished.

Grand Total: 216 creatures vanquished

Notes
Turn   | Place    | Note
-------+----------+-------------------------------------------
     0 | D:1      | Anandil the Demonspawn Fighter began the quest for the Orb.
     0 | D:1      | Reached XP level 1. HP: 18/18 MP: 1/1
   350 | D:1      | Gained mutation: A weak demonic guardian rushes to your aid. [demonic ancestry]
   350 | D:1      | Reached XP level 2. HP: 24/24 MP: 2/2
   911 | D:2      | Gained mutation: You have a pair of small antennae on your head. [demonic ancestry]
   911 | D:2      | Reached XP level 3. HP: 29/29 MP: 3/3
  1518 | D:2      | Gained mutation: You have sharp toenails. [demonic ancestry]
  1518 | D:2      | Reached XP level 4. HP: 37/37 MP: 4/4
  1556 | D:2      | Found a hide-covered altar of Uskayaw.
  1556 | D:2      | Noticed a dagger
  1557 | D:2      | Noticed a hand axe
  2376 | D:4      | Found a staircase to the Ecumenical Temple.
  2381 | Temple   | Entered the Ecumenical Temple
  2508 | Temple   | Became a worshipper of Qazlal Stormbringer
  2670 | D:4      | Noticed an ogre
  2678 | D:4      | Killed an ogre
  2678 | D:4      | Reached skill level 4 in Fighting
  2678 | D:4      | Gained mutation: You regenerate a little health from kills. [demonic ancestry]
  2678 | D:4      | Reached XP level 5. HP: 34/42 MP: 5/5
  2897 | D:4      | Noticed Sigmund
  2927 | D:4      | Killed Sigmund
  2927 | D:4      | Gained mutation: You have sharp fingernails. [demonic ancestry]
  2927 | D:4      | Reached XP level 6. HP: 34/49 MP: 6/6
  3291 | D:5      | Entered Level 5 of the Dungeon
  3877 | D:5      | Reached skill level 5 in Fighting
  4066 | D:5      | Found Zinguip's Distillery.
  4080 | D:5      | Bought 2 potions of heal wounds for 120 gold pieces
  4080 | D:5      | Bought a potion of curing for 36 gold pieces
  4190 | D:5      | Noticed a two-headed ogre
  4236 | D:5      | Killed a two-headed ogre
  4236 | D:5      | Reached skill level 5 in Armour
  4236 | D:5      | Reached XP level 7. HP: 16/57 MP: 7/7
  4601 | D:6      | Reached skill level 5 in Axes
  4689 | D:6      | Reached * piety under Qazlal
  4689 | D:6      | Reached skill level 6 in Fighting
  4689 | D:6      | Gained mutation: You have a pair of antennae on your head. [demonic ancestry]
  4689 | D:6      | Reached XP level 8. HP: 58/64 MP: 8/8
  4776 | D:5      | Noticed a rust devil
  4776 | D:5      | Noticed a rust devil
  5737 | D:6      | Reached skill level 7 in Fighting
  5845 | D:6      | Killed a rust devil
  6046 | D:5      | Killed a rust devil
  6046 | D:5      | Reached XP level 9. HP: 38/74 MP: 6/9
  6302 | D:7      | Reached skill level 8 in Fighting
  6380 | D:7      | Found the +5 scythe "Finisher" {speed, Str+3}
  6410 | D:7      | Reached ** piety under Qazlal
  6818 | D:7      | Found a sacrificial altar of Ru.
  6974 | D:7      | Reached skill level 9 in Fighting
  7736 | D:8      | Found an iron altar of Okawaru.
  7782 | D:8      | Found Lienn's Weapon Shop.
  9025 | D:9      | Found a staircase to the Lair.
  9102 | D:9      | Found Neaxett's Book Boutique.
  9759 | D:9      | Noticed a two-headed ogre
  9785 | D:9      | Killed a two-headed ogre
  9785 | D:9      | Reached skill level 10 in Fighting
  9785 | D:9      | Gained mutation: You have very sharp fingernails. [demonic ancestry]
  9785 | D:9      | Reached XP level 10. HP: 71/85 MP: 8/10
  9868 | D:9      | Found a snail-covered altar of Cheibriados.
  9938 | D:9      | Noticed a cyan ugly thing
  9972 | D:9      | Killed a cyan ugly thing
 11284 | D:10     | Entered Level 10 of the Dungeon
 11832 | D:10     | Noticed a two-headed ogre
 11846 | D:10     | Slain by a two-headed ogre

Skill      XL: |  1  2  3  4  5  6  7  8  9 |
---------------+----------------------------+-----
Axes           | 2 3 4 5 6 9 |  9.4
Armour         | 3 4 5 6 |  6.2
Fighting       | 4 5 6 7 10 | 10.4
Shields        | |  2.6

Action                   |  1- 3 |  4- 6 |  7- 9 | 10-12 || total
-------------------------+-------+-------+-------+-------++-------
Melee: War axe           |   148 |   160 |   409 |    76 ||   793
       Kick              |       |    51 |   124 |    28 ||   203
Throw: Tomahawk          |       |     5 |     6 |     6 ||    17
  Use: Scroll            |       |     3 |    11 |     2 ||    16
       Potion            |       |       |     1 |       ||     1
 Stab: Distracted        |       |       |     2 |       ||     2
  Eat: Chunk             |     2 |     8 |     8 |     4 ||    22
       Ration            |       |       |     3 |     1 ||     4
Armor: Scale mail        |    32 |       |       |       ||    32
       Plate armour      |   106 |   127 |   202 |    21 ||   456
Dodge: Dodged            |    28 |    18 |    57 |     4 ||   107
Block: Shield            |   108 |    81 |   207 |    25 ||   421
